[Event "*** Titled Tuesday Blitz"]
[Site "Chess.com"]
[Date "2021.02.02"]
[Round "2"]
[White "The_Machine04"]
[Black "DenLaz"]
[Result "0-1"]
[WhiteElo "2531"]
[BlackElo "2836"]
[TimeControl "180+1"]
[EndTime "10:19:27 PST"]
[Termination "DenLaz won by checkmate"]

1. d4 d5 2. Bf4 Nf6 3. e3 e6 4. Nf3 Bd6 5. Ne5 O-O 6. Nd2 c5 7. c3 Qc7 8. Bg3 Nc6 9. f4 Ne7 10.
Bd3 b6 11. Bf2 Bb7 12. Qf3 b5 13. g4 b4 14. g5 Ne4 15. Nxe4 dxe4 16. Bxe4 Bxe4 17.
Qxe4 bxc3 18. bxc3 cxd4 19. cxd4 Qc3+ 20. Ke2 Bxe5 21.
fxe5 Rab8 22. Rab1 Nd5 23. Kf3 Qc4 24. Rxb8 Rxb8 25.
Rb1 Rc8 26. Rb7 Nc3 27. Rb2 Nxe4 28. Kxe4 Qc6+ 29. Kf4 Qg2 30. h4 h6 31. gxh6 gxh6 32. Rd2 h5 33. e4 Qg4+ 34. Ke3 Rc3+ 35. Rd3 Qh3+ 36. Kd2 Qxd3+ 37. Ke1 Rc1# 0-1

[Event "*** Titled Tuesday Blitz"]
[Site "Chess.com"]
[Date "2021.02.02"]
[Round "2"]
[White "almo64"]
[Black "IljaJoke"]
[Result "0-1"]
[WhiteElo "2707"]
[BlackElo "2510"]
[TimeControl "180+1"]
[EndTime "10:19:27 PST"]
[Termination "IljaJoke won on time"]

1. d4 d5 2. Nc3 Nf6 3. Bf4 c5 4.
e3 cxd4 5. exd4 a6 6. Nf3 Nc6 7. Ne5 Bd7 8. g4 e6 9. g5 Ne4 10. Nxe4 dxe4 11. h4 Rc8 12. c3 Nxe5 13. Bxe5 Bc6 14.
Rh3 h6 15. g6 f6 16. Bg3 Bd6 17. Qb3 Bd5 18. c4 Qa5+ 19. Kd1 Bc6 20. Bxd6 Ba4 21. Kc2 Kd7 22. c5 Rhd8 23. Bc4 Bxb3+ 24. Rxb3 b5 25. Be2 Ke8 26. Kd1 Qa4 27. Ke1 Rxd6 28. cxd6 Kd7 29.
Rd1 Rc2 30. Ra3 Qb4+ 31. Kf1 Qxd6 0-1

[Event "*** Titled Tuesday Blitz"]
[Site "Chess.com"]
[Date "2021.02.02"]
[Round "2"]
[White "ApacheSVD"]
[Black "kenta1234"]
[Result "0-1"]
[WhiteElo "2432"]
[BlackElo "2674"]
[TimeControl "180+1"]
[EndTime "10:19:27 PST"]
[Termination "kenta1234 won by resignation"]

1. e4 c5 2. Nc3 Nc6 3. g3 g6 4.
Bg2 Bg7 5. d3 d6 6. Be3 Rb8 7.
Nge2 b5 8. Qd2 b4 9. Nd1 Nf6 10. h3 O-O 11. f4 Nd7 12. O-O Nd4 13. c3 bxc3 14. bxc3 Nxe2+ 15. Qxe2 Ba6 16. Qd2 Qa5 17. Rf2 Nb6 18. f5 Na4 19. Rc1 Qc7 20. Bh6 Bb5 21. Bxg7 Kxg7 22. c4 Bc6 23. Nc3 Nb6 24. Rcf1 Nd7 25. g4 f6 26. g5 Ne5 27. gxf6+ exf6 28. fxg6 hxg6 29. Ne2 Qe7 30. Nf4 Rh8 31. Qe3 g5 32. Qg3 Rh4 33. Nd5 Bxd5 34. cxd5 Rbh8 35. Rxf6 Qxf6 36.
Rxf6 Kxf6 37. Qf2+ Rf4 38. Qb2 g4 39. hxg4 Rxg4 40.
Qf2+ Ke7 41. Kf1 Rf8 42. Qxf8+ Kxf8 0-1

[Event "*** Titled Tuesday Blitz"]
[Site "Chess.com"]
[Date "2021.02.02"]
[Round "2"]
[White "motivated_bishop"]
[Black "leejunhyeok"]
[Result "0-1"]
[WhiteElo "2382"]
[BlackElo "2649"]
[TimeControl "180+1"]
[EndTime "10:19:28 PST"]
[Termination "leejunhyeok won by checkmate"]

1. d4 d5 2. c4 e6 3. Nc3 a6 4.
cxd5 exd5 5. Nf3 h6 6. Bf4 Nf6 7. e3 Bd6 8. Bxd6 Qxd6 9. Bd3 Bg4 10. h3 Bxf3 11. Qxf3 Nbd7 12. O-O O-O 13. Rfc1 c6 14. g4 Rfe8 15. Kh1 c5 16. dxc5 Nxc5 17. Rd1 Rad8 18. Rac1 Qe5 19. Bf5 g6 20. Bb1 Kg7 21. Kg2 Nce4 22.
Rd4 h5 23. gxh5 Nxc3 24. Rxc3 Nxh5 25. Rc5 Nf6 26. b4 Re6 27. Bc2 Rdd6 28. Bb3 Ne4 29. Rc8 Rf6 30. Rxe4 dxe4 31. Qe2 Qg5+ 32. Kh1 Rf3 33.
Rc7 Rxh3# 0-1

[Event "*** Titled Tuesday Blitz"]
[Site "Chess.com"]
[Date "2021.02.02"]
[Round "2"]
[White "DanilNajdin"]
[Black "ZenBull"]
[Result "1-0"]
[WhiteElo "2453"]
[BlackElo "2234"]
[TimeControl "180+1"]
[EndTime "10:19:29 PST"]
[Termination "DanilNajdin won on time"]

1. e4 c5 2. Nf3 e6 3. d4 cxd4 4. Nxd4 Nc6 5. Nxc6 bxc6 6. Bd3 d5 7. Nd2 Nf6 8. O-O Be7 9. b3 Qc7 10. Bb2 c5 11. f4 c4 12. bxc4 dxe4 13. Bxf6 Bxf6 14. Bxe4 Bb7 15. Rb1 Bxe4 16. Nxe4 Be7 17. f5 exf5 18. Rxf5 O-O 19. c5 Rab8 20. Rb3 Rfd8 21. Rxb8 Qxb8 22. Rd5 Rxd5 23. Qxd5 Qb1+ 24. Kf2 Qxc2+ 25. Kf3 Qc1 26. c6 Qf1+ 27. Kg3 Qc1 28. Kf3 h6 29. Qd7 Qf1+ 30. Nf2 1-0

[Event "*** Titled Tuesday Blitz"]
[Site "Chess.com"]
[Date "2021.02.02"]
[Round "2"]
[White "Berardino"]
[Black "BilodeauA"]
[Result "0-1"]
[WhiteElo "2557"]
[BlackElo "2872"]
[TimeControl "180+1"]
[EndTime "10:19:30 PST"]
[Termination "BilodeauA won by resignation"]

1. e4 c5 2. Nf3 d6 3. d4 cxd4 4. Nxd4 Nf6 5. Nc3 Bd7 6. Bc4 Nc6 7. Bb3 g6 8. f3 Bg7 9. Be3 Na5 10. Qd2 Nxb3 11.
axb3 O-O 12. Bh6 Qb6 13. O-O-O a5 14. Bxg7 Kxg7 15. Nd5 Nxd5 16. exd5 a4 17. Kb1 axb3 18. Nxb3 Bf5 19. Qd4+ Qxd4 20. Nxd4 Ra5 21. Nxf5+ gxf5 22.
b3 Rfa8 23. Rhe1 b5 24. Kc1 Kf6 25. Rd4 Rc8 26. Kb2 b4 27. Rxb4 Rxd5 28. Re2 e5 29. c4 Rd4 30. Kc3 h5 31. Rd2 Rxd2 32. Kxd2 Rg8 33.
g3 h4 34. gxh4 Rg2+ 35. Ke3 Rxh2 36. Rb6 Ke7 37. Rb7+ Ke6 38. Rb6 f4+ 39. Kd3 Rf2 40. c5 Rxf3+ 41. Kd2 e4 42. Rxd6+ Ke5 43. Rd8 e3+ 44.
Ke1 Rh3 45. c6 f3 46. Re8+ Kf4 47. Kd1 Rh1+ 48. Kc2 f2 0-1

[Event "*** Titled Tuesday Blitz"]
[Site "Chess.com"]
[Date "2021.02.02"]
[Round "2"]
[White "kirillshevchenko"]
[Black "bazar-wokzal"]
[Result "1-0"]
[WhiteElo "2852"]
[BlackElo "2541"]
[TimeControl "180+1"]
[EndTime "10:19:30 PST"]
[Termination "kirillshevchenko won by resignation"]

1. e4 c5 2. Nf3 d6 3. d4 cxd4 4. Nxd4 Nf6 5. Nc3 g6 6. Be3 Bg7 7. Be2 O-O 8. Qd2 Nc6 9. O-O-O Ng4 10. Bxg4 Bxg4 11. f3 Nxd4 12. Bxd4 Be6 13. h4 Bxd4 14. Qxd4 Qa5 15. h5 Qe5 16. hxg6 hxg6 17. Qd2 Rfc8 18. Kb1 Rc5 19. f4 Qg7 20. g4 Bxg4 21. Rdg1 Rh5 22.
Nd5 Re8 23. Rxh5 Bxh5 24. f5 Kh7 25. Qf2 Qe5 26. Nf4 Qxe4 27. fxg6+ fxg6 28. Nxh5 Qf5 29. Nf4 Rf8 30. Qh4+ Kg7 31. Qxe7+ Rf7 32. Ne6+ Kg8 33. Qd8+ 1-0

[Event "*** Titled Tuesday Blitz"]
[Site "Chess.com"]
[Date "2021.02.02"]
[Round "2"]
[White "erlesfar"]
[Black "utsavp"]
[Result "1-0"]
[WhiteElo "2505"]
[BlackElo "2299"]
[TimeControl "180+1"]
[EndTime "10:19:31 PST"]
[Termination "erlesfar won by resignation"]

1. e4 d5 2. exd5 Qxd5 3. Nc3 Qa5 4. d4 Nf6 5. Bd2 c6 6. Bc4 Qc7 7. Nf3 Bf5 8. Ne5 e6 9. Qe2 Nbd7 10. g4 Bg6 11. h4 Nxe5 12. dxe5 Nd5 13. h5 Bxc2 14. Rc1 Nxc3 15. Bxc3 Ba4 16. b3 Bb5 17. Bxb5 cxb5 18. Qxb5+ Qc6 19. Qxc6+ bxc6 20. Bd4 c5 21. Be3 Rc8 22. Ke2 a6 23. Rc4 Be7 24. Rhc1 Kd7 25. Bxc5 Bxc5 26. Rxc5 Rxc5 27. Rxc5 Rb8 28. Kd3 Rb4 29.
Rc4 Rb5 30. Ke4 f6 31. f4 fxe5 32. fxe5 g6 33. h6 g5 34. Rd4+ Ke7 35. Ra4 a5 36. Rc4 Kd7 37. Rd4+ Ke7 38. Rd6 a4 39. Ra6 axb3 40.
axb3 Kf8 41. Rxe6 Rb4+ 42. Kf5 Rxb3 43. Kxg5 Rb7 44. Rf6+ Ke7 45. e6 Rb5+ 46. Rf5 Rb1 47. Rf7+ Kxe6 48. Rxh7 Rb8 49. Rg7 Rg8 50. Kg6 Rf8 51.
g5 Rh8 52. h7 Rf8 53. Rg8 1-0

[Event "*** Titled Tuesday Blitz"]
[Site "Chess.com"]
[Date "2021.02.02"]
[Round "2"]
[White "SantoBlue"]
[Black "Mikhail_Golubev"]
[Result "1-0"]
[WhiteElo "2826"]
[BlackElo "2524"]
[TimeControl "180+1"]
[EndTime "10:19:32 PST"]
[Termination "SantoBlue won on time"]

1. d4 Nf6 2. Bg5 d5 3. e3 c5 4. Bxf6 gxf6 5. Nf3 Nc6 6. c4 cxd4 7. exd4 Bg4 8. Nc3 dxc4 9. d5 Bxf3 10. gxf3 Ne5 11. f4 Nd3+ 12. Bxd3 cxd3 13. Qxd3 Bh6 14. Ne2 O-O 15. O-O-O Bxf4+ 16. Kb1 Bd6 17. Nd4 Kh8 18. Nf5 Rg8 19. Rhe1 Qd7 20. h4 Rg4 21. Nh6 Rg7 22.
Rg1 Bf4 23. Rxg7 Kxg7 24. Nf5+ Kh8 25. Qe4 Bd6 26. Rg1 Bh2 27. Rg2 Qb5 28. a3 Be5 29. f4 Qf1+ 30. Ka2 Qxf4 31. Qd3 e6 32. dxe6 fxe6 33. Qd7 Qc4+ 34. b3 1-0

[Event "*** Titled Tuesday Blitz"]
[Site "Chess.com"]
[Date "2021.02.02"]
[Round "2"]
[White "Susik_Gaboyan"]
[Black "ural58"]
[Result "1/2-1/2"]
[WhiteElo "2285"]
[BlackElo "2466"]
[TimeControl "180+1"]
[EndTime "10:19:33 PST"]
[Termination "Game drawn - insufficient material"]

1. e4 d5 2. exd5 Qxd5 3. Nc3 Qa5 4. Nf3 Nf6 5. Bc4 Nc6 6. O-O Bg4 7. h3 h5 8. d4 O-O-O 9. Be3 e6 10. a3 Bd6 11.
b4 Qf5 12. Bd3 Bxf3 13. Qxf3 Qxf3 14. gxf3 e5 15. d5 Ne7 16. Bxa7 Nexd5 17. Bf5+ Rd7 18. Bxd7+ Kxd7 19. Nxd5 Nxd5 20. Be3 Ke6 21. c4 Nf6 22. c5 Be7 23. Rfe1 c6 24. Bf4 Nd7 25. Bg3 g5 26. Rad1 f6 27. f4 gxf4 28. Bxf4 Ra8 29. Bc1 b6 30.
cxb6 Nxb6 31. f4 Nd5 32. fxe5 fxe5 33. Bb2 Bd6 34. Re2 Rg8+ 35. Kh1 Rg3 36. Red2 Rxh3+ 37. Kg2 Rb3 38. Bc1 Ne3+ 39. Kf2 Nxd1+ 40. Rxd1 e4 41. Rh1 Rf3+ 42. Ke2 Rf5 43. Be3 Bg3 44. Rc1 Kd7 45. a4 h4 46. a5 Rb5 47. a6 Rxb4 48. Ra1 Rb2+ 49. Kf1 Rb8 50. a7 Ra8 51. Kg2 Kc7 52. Ra4 Bd6 53. Rxe4 c5 54. Rxh4 Rxa7 55. Rh7+ Kb6 56. Rxa7 Kxa7 57. Bxc5+ 1/2-1/2

[Event "*** Titled Tuesday Blitz"]
[Site "Chess.com"]
[Date "2021.02.02"]
[Round "2"]
[White "lelajavakhishvili"]
[Black "Vaathi_Coming"]
[Result "0-1"]
[WhiteElo "2531"]
[BlackElo "2836"]
[TimeControl "180+1"]
[EndTime "10:19:34 PST"]
[Termination "Vaathi_Coming won on time"]

1. d4 Nf6 2. c4 c6 3. Nf3 d5 4.
e3 Bf5 5. Nc3 e6 6. Nh4 Be4 7.
f3 Bg6 8. Qb3 Qc7 9. g3 Nbd7 10.
Bd2 Be7 11. cxd5 exd5 12. O-O-O O-O 13. Nxg6 hxg6 14. Kb1 b5 15. Rc1 Qb6 16. h4 a5 17. Qc2 Rfc8 18. h5 gxh5 19. Bd3 c5 20. g4 cxd4 21. exd4 b4 22. g5 bxc3 23. Bxc3 Bb4 24.
gxf6 Nxf6 25. Bf5 Rxc3 26. bxc3 Ba3+ 27. Ka1 Bxc1 28. Rxc1 Re8 29. Qb3 Qc7 30. Qb5 Rb8 31. Qc5 Qf4 32. Rb1 Re8 33. Bc2 Qxf3 34. Ba4 Rf8 35.
Qxa5 h4 36. Bd1 Qe3 37. Qb4 h3 38. Bb3 h2 39. Qc5 Qf3 0-1

[Event "*** Titled Tuesday Blitz"]
[Site "Chess.com"]
[Date "2021.02.02"]
[Round "2"]
[White "HouseOfDurin"]
[Black "Malysch"]
[Result "0-1"]
[WhiteElo "2100"]
[BlackElo "2397"]
[TimeControl "180+1"]
[EndTime "10:19:34 PST"]
[Termination "Malysch won by resignation"]

1. d4 Nf6 2. Bg5 c5 3. Bxf6 gxf6 4. c3 e6 5. e3 Qb6 6. Qc2 Nc6 7. g3 d5 8. Bg2 Bd7 9. Ne2 O-O-O 10. O-O Kb8 11.
dxc5 Bxc5 12. b4 Bd6 13. a4 Rc8 14. Qb2 Ne5 15. Nd2 h5 16. h4 Rhg8 17. Nf4 Ng4 18.
a5 Qb5 19. Nxh5 Qd3 20. Rac1 Bb5 21. Nf4 Qf5 22. Rfe1 e5 23. e4 dxe4 24. Bxe4 Qd7 25. Nd5 f5 26. Bg2 f4 27. c4 Nxf2 28. Kxf2 Rxg3 29.
Ne4 Rxg2+ 30. Kxg2 Qg4+ 31. Kf2 Rg8 32. Rg1 Qxh4+ 33. Kf1 Qh3+ 34. Ke1 Rxg1+ 35. Kd2 Rg2+ 36. Kd1 0-1

[Event "*** Titled Tuesday Blitz"]
[Site "Chess.com"]
[Date "2021.02.02"]
[Round "2"]
[White "rynos0411"]
[Black "Papullon"]
[Result "1-0"]
[WhiteElo "2407"]
[BlackElo "2137"]
[TimeControl "180+1"]
[EndTime "10:19:35 PST"]
[Termination "rynos0411 won on time"]

1. e4 c5 2. Nf3 e6 3. g3 d6 4.
Bg2 b6 5. c3 Bb7 6. d3 Nd7 7.
O-O Qc7 8. Re1 Ngf6 9. Nbd2 Be7 10.
Nf1 O-O 11. a4 Ne5 12. h3 Rfd8 13. N1h2 Rac8 14. Qe2 Nxf3+ 15. Nxf3 c4 16. Nd4 cxd3 17. Qxd3 d5 18. e5 Ne4 19. Be3 Qc4 20. Qd1 Qc7 21. Nb5 Qb8 22. Bd4 a6 23. Na3 Qc7 24. Kh2 Nc5 25. Nb1 Nd7 26. Nd2 Bc5 27. Nb3 Bxd4 28. Qxd4 Qc4 29. Qxc4 Rxc4 30. Nd2 Rc7 31. f4 Nc5 32. Red1 d4 33. Bxb7 Nxb7 34. Ne4 1-0

[Event "*** Titled Tuesday Blitz"]
[Site "Chess.com"]
[Date "2021.02.02"]
[Round "2"]
[White "zurzan"]
[Black "CakeinSpace2002"]
[Result "0-1"]
[WhiteElo "2027"]
[BlackElo "2383"]
[TimeControl "180+1"]
[EndTime "10:19:35 PST"]
[Termination "CakeinSpace2002 won by resignation"]

1. f4 d5 2. Nf3 g6 3. g3 Bg7 4.
Bg2 Nh6 5. O-O O-O 6. d3 c5 7.
c3 Nc6 8. e4 dxe4 9. dxe4 b6 10.
Qxd8 Rxd8 11. h3 Ba6 12. Re1 Rd7 13. Be3 Rad8 14. Nbd2 Kf8 15. a3 Ng8 16. e5 Na5 17. b3 Bd3 18. c4 e6 19. Rac1 Ne7 20. b4 cxb4 21. axb4 Nac6 22. b5 Na5 23. Rc3 Nf5 24.
Bf2 Nb7 25. g4 Ne7 26. c5 Nxc5 27. Bxc5 bxc5 28. Rxc5 Nd5 29. Ng5 Nxf4 30. Nxh7+ Kg8 31. Ng5 Nxg2 32. Kxg2 Bxb5 33. Nde4 Ba6 34. Nd6 Bxe5 35. Ndxf7 Rd2+ 36. Kf3 Bb7+ 37. Ne4 R8d3+ 38. Re3 Bd4 39. Rxd3 Rxd3+ 40. Ke2 Re3+ 41. Kd2 Bxe4 42. Rc7 Rd3+ 43. Ke2 Rxh3 44. Ng5 Bd3+ 45. Kd2 Be3+ 46. Kxd3 Bxg5+ 47. Kd4 Rg3 48. Ke5 Re3+ 49. Kd4 e5+ 50. Kc4 Re1 51. Rxa7 e4 52. Kd5 e3 53. Ke6 e2 54. Ra8+ Kg7 55. Ra7+ Kh6 56. Ra8 Rf1 57. Rh8+ Kg7 0-1

[Event "*** Titled Tuesday Blitz"]
[Site "Chess.com"]
[Date "2021.02.02"]
[Round "2"]
[White "MPGM"]
[Black "Nils_03"]
[Result "1-0"]
[WhiteElo "2595"]
[BlackElo "2326"]
[TimeControl "180+1"]
[EndTime "10:19:37 PST"]
[Termination "MPGM won by resignation"]

1. c4 Nf6 2. Nc3 g6 3. d4 Bg7 4.
e4 d6 5. h3 O-O 6. Be3 c5 7.
Nf3 cxd4 8. Nxd4 Nc6 9. Be2 Bd7 10. O-O Nxd4 11. Bxd4 Bc6 12. Qc2 Nd7 13. Bxg7 Kxg7 14. b4 b6 15. Rad1 Rc8 16. Bg4 Rc7 17. Bxd7 Rxd7 18.
Nd5 Kg8 19. Qd2 b5 20. cxb5 Bxb5 21. Rfe1 Bc6 22. Rc1 Bb7 23. a4 e6 24. Nc3 d5 25. e5 d4 26. Nb5 Rd5 27. Nd6 Qd7 28. Rc4 d3 29. Ne4 f5 30. exf6 Rc8 31. Rxc8+ Qxc8 32. f7+ Kxf7 33. Qf4+ Rf5 34. Nd6+ Kg8 35. Qxf5 exf5 36.
Nxc8 Bxc8 37. Re8+ Kf7 38. Rxc8 Ke7 39. Rc3 d2 40. Rd3 Ke6 41. Rxd2 Ke5 42. b5 1-0

[Event "*** Titled Tuesday Blitz"]
[Site "Chess.com"]
[Date "2021.02.02"]
[Round "2"]
[White "profofchess"]
[Black "rududuyk"]
[Result "1-0"]
[WhiteElo "2414"]
[BlackElo "2149"]
[TimeControl "180+1"]
[EndTime "10:19:37 PST"]
[Termination "profofchess won by resignation"]

1. e4 e6 2. d4 d5 3. Nc3 Bb4 4. e5 c5 5. Bd2 Ne7 6. a3 Bxc3 7. Bxc3 Nbc6 8. Nf3 cxd4 9. Nxd4 Nxe5 10.
f4 N5g6 11. Qd2 O-O 12. O-O-O Qc7 13. g3 a6 14. h4 Nc6 15. h5 Nge7 16. h6 g6 17. Qh2 Nxd4 18. Rxd4 Nf5 19. Rd2 d4 20. Bxd4 Nxd4 21. Rxd4 b5 22. Bg2 Bb7 23. Bxb7 Qxb7 24. Rhd1 Rac8 25. Qh4 f6 26. Qh2 Rc7 27. Qe2 Re8 28. Rd6 Qc8 29. Re1 a5 30. Kb1 e5 31.
Rxf6 Qd8 32. fxe5 Qxf6 33. exf6 Rxe2 34. Rxe2 Kf7 35. Re7+ Kxf6 1-0

[Event "*** Titled Tuesday Blitz"]
[Site "Chess.com"]
[Date "2021.02.02"]
[Round "2"]
[White "scarabee43"]
[Black "GadimbayliA"]
[Result "1-0"]
[WhiteElo "2595"]
[BlackElo "2890"]
[TimeControl "180+1"]
[EndTime "10:19:38 PST"]
[Termination "scarabee43 won by resignation"]

1. d4 d5 2. c4 e5 3. dxe5 d4 4. Nf3 Nc6 5. a3 Nge7 6. b4 Ng6 7. Bb2 a5 8. b5 Ncxe5 9. Nxe5 Nxe5 10. Bxd4 Nxc4 11. e3 Be6 12. Qc2 Nd6 13. Be2 Be7 14. O-O O-O 15. Nc3 f6 16. Bf3 Qc8 17. Rfc1 Nf5 18.
Nd5 Bd6 19. Nxc7 Bxc7 20. Qxc7 Qe8 21. Qxb7 Rd8 22. Bb6 Rb8 23. Qc6 Bd7 24. Qd5+ Be6 25. Qc5 Qg6 26. Bc7 Rbc8 27. Qc6 Bf7 28. b6 Nh4 29.
Be4 Qg5 30. b7 Rce8 31. Bf4 Qh5 32. Bf3 Qg6 33. Rab1 h6 34. b8=Q Rxb8 35. Rxb8 Rxb8 36. Bxb8 Kh7 37. Bg3 Nf5 38. Be4 1-0

[Event "*** Titled Tuesday Blitz"]
[Site "Chess.com"]
[Date "2021.02.02"]
[Round "2"]
[White "isla88"]
[Black "eldur16"]
[Result "0-1"]
[WhiteElo "2308"]
[BlackElo "2525"]
[TimeControl "180+1"]
[EndTime "10:19:38 PST"]
[Termination "eldur16 won by resignation"]

1. d4 d6 2. Nc3 g6 3. h4 Bg7 4. h5 c5 5. Nf3 cxd4 6. Nxd4 Nc6 7. Nxc6 bxc6 8. h6 Bxc3+ 9. bxc3 Nf6 10. Bg5 Qa5 11.
Bxf6 exf6 12. Qd4 Qe5 13. Qd2 O-O 14. g3 Be6 15. Bg2 d5 16. O-O Rab8 17. Rab1 c5 18. f4 Qh5 19. f5 gxf5 20. Bxd5 Rbd8 21. c4 Rfe8 22. Rf2 Qg5 23. Qxg5+ fxg5 24. Rb7 Bxd5 25. cxd5 Rxd5 26. Rxa7 Kf8 27. a4 Re6 28. Rh2 Rd1+ 29.
Kf2 Rd2 30. Ke1 Rxc2 31. Ra8+ Re8 32. Rxe8+ Kxe8 33. Rf2 f6 34. Rxf5 Kf7 35. Rd5 Kg6 36. Rd6 Ra2 37. Ra6 c4 38. e4 c3 39. e5 Ra1+ 40. Ke2 c2 41. Rxf6+ Kh5 42. Ke3 0-1

[Event "*** Titled Tuesday Blitz"]
[Site "Chess.com"]
[Date "2021.02.02"]
[Round "2"]
[White "lucachess49"]
[Black "FontVella8"]
[Result "0-1"]
[WhiteElo "2322"]
[BlackElo "2572"]
[TimeControl "180+1"]
[EndTime "10:19:40 PST"]
[Termination "FontVella8 won on time"]

1. d4 e6 2. c4 b6 3. Nc3 Bb7 4. e4 Bb4 5. f3 Ne7 6. Ne2 O-O 7. Be3 d5 8. cxd5 exd5 9. a3 Bxc3+ 10. Nxc3 dxe4 11.
fxe4 f5 12. Bc4+ Kh8 13. O-O Nd7 14. Bg5 fxe4 15. Bd5 c6 16. Bxe4 Qe8 17. Rxf8+ Nxf8 18. Qg4 h6 19. Bh4 Bc8 20. Qf3 Nfg6 21. Bg3 Bd7 22.
Re1 Qf8 23. Bd6 Qxf3 24. Bxf3 Nf5 25. Be5 Re8 26. Kf2 c5 27. g4 Nxd4 28. Bxd4 cxd4 29.
Rxe8+ Bxe8 30. Nd5 Ne5 31. Bd1 Nd3+ 32. Kf3 Nxb2 33.
Bc2 g5 0-1

[Event "*** Titled Tuesday Blitz"]
[Site "Chess.com"]
[Date "2021.02.02"]
[Round "2"]
[White "NateSolon"]
[Black "HristosBanikas"]
[Result "0-1"]
[WhiteElo "2545"]
[BlackElo "2865"]
[TimeControl "180+1"]
[EndTime "10:19:41 PST"]
[Termination "HristosBanikas won on time"]

1. d4 Nf6 2. c4 g6 3. Nc3 Bg7 4. e4 d6 5. Nf3 O-O 6. Be2 e5 7.
Be3 c6 8. O-O exd4 9. Bxd4 Re8 10. Qc2 Qe7 11. Rad1 Nbd7 12. Rfe1 Ne5 13. h3 b6 14. Nxe5 dxe5 15. Be3 Bb7 16. c5 b5 17. Rd6 Nd7 18. Red1 Nf8 19. Nxb5 cxb5 20. Bxb5 Reb8 21. c6 Bc8 22. Bc4 Be6 23. Bxe6 Nxe6 24. Rd7 Qf6 25. c7 Rc8 26. Qc6 Nd4 27. Qb7 Qb6 28. Qd5 Qe6 29. Qb7 Qc6 30. Qxc6 Nxc6 31. R1d6 Nd4 32. Bxd4 exd4 33.
Rd8+ Bf8 34. Rxd4 Kg7 35. e5 Be7 36. Rxc8 Rxc8 37. Rd7 Kf8 38. f4 Ke8 39. Rd5 Rxc7 40. Kh2 Rc2 41. Ra5 Bc5 42. b4 Bb6 43. Ra6 Rc4 0-1

[Event "*** Titled Tuesday Blitz"]
[Site "Chess.com"]
[Date "2021.02.02"]
[Round "2"]
[White "Alex_Molchanov"]
[Black "Homino"]
[Result "0-1"]
[WhiteElo "2484"]
[BlackElo "2316"]
[TimeControl "180+1"]
[EndTime "10:19:41 PST"]
[Termination "Homino won by resignation"]

1. d4 Nf6 2. Nf3 c5 3. g3 g6 4. Bg2 Bg7 5. O-O O-O 6. c3 cxd4 7. cxd4 d5 8. Nc3 Nc6 9. Bf4 h6 10. Rc1 Be6 11. Ne5 Rc8 12. Nxc6 Rxc6 13. Be5 Qa5 14. Qb3 Rb6 15. Qc2 Rc8 16. Qb1 Rbc6 17. a3 Ng4 18. Bxg7 Kxg7 19. h3 Nf6 20. Na2 Qd2 21.
Rxc6 Rxc6 22. Nc3 Qxd4 23. Rd1 Qc5 24. Qd3 Rd6 25. Qd4 b6 26. Qxc5 bxc5 27. Nb5 Rd7 28. Nc3 d4 29. Ne4 Nxe4 30. Bxe4 f5 31. Bd3 Rc7 32. b3 Bxb3 33. Rb1 c4 0-1

[Event "*** Titled Tuesday Blitz"]
[Site "Chess.com"]
[Date "2021.02.02"]
[Round "2"]
[White "NovikovaGalina"]
[Black "djano"]
[Result "0-1"]
[WhiteElo "2269"]
[BlackElo "2472"]
[TimeControl "180+1"]
[EndTime "10:19:41 PST"]
[Termination "djano won by checkmate"]

1. e4 Nf6 2. e5 Nd5 3. d4 d6 4.
Bc4 Nb6 5. Bb3 Nc6 6. e6 fxe6 7.
Nf3 Na5 8. O-O g6 9. Re1 Nxb3 10. axb3 Bg7 11. Bg5 O-O 12. Qd2 Qe8 13. Bh6 Qf7 14.
Bxg7 Qxg7 15. Nc3 Bd7 16. d5 e5 17. Ne4 Rf4 18. c4 c5 19. Nfg5 a6 20. Qa5 h6 21. Qxb6 hxg5 22. Qc7 Bf5 23. Nxg5 Rf8 24. Qxb7 Qf6 25. Nf3 e4 26. Nd2 Qd4 27. Nf1 Rxf2 28. Kh1 e3 29. Ng3 Qxb2 30. Qxe7 Rxg2 31. Qh4 Kg7 32. Rab1 Qf2 33. Nxf5+ Rxf5 34. Qxf2 Rfxf2 35. Rxe3 Rxh2+ 36. Kg1 Rhg2+ 37. Kh1 Rg5 38. Re7+ Kf8 39. Rbe1 Rf4 40. R7e6 Rh4# 0-1

[Event "*** Titled Tuesday Blitz"]
[Site "Chess.com"]
[Date "2021.02.02"]
[Round "2"]
[White "barbara25"]
[Black "guillembaches"]
[Result "1/2-1/2"]
[WhiteElo "2256"]
[BlackElo "2453"]
[TimeControl "180+1"]
[EndTime "10:19:41 PST"]
[Termination "Game drawn - insufficient material"]

1. e4 c5 2. Nf3 d6 3. d4 cxd4 4. Nxd4 Nf6 5. Nc3 Nc6 6. Be3 Ng4 7. Bg5 Qb6 8. Bb5 e5 9. Nd5 Qxd4 10. Qxd4 exd4 11. Nc7+ Kd7 12. Nxa8 b6 13. h3 Nf6 14. f3 Bb7 15. Nxb6+ axb6 16. O-O-O Be7 17. Bxc6+ Kxc6 18.
Rxd4 h6 19. Bf4 g5 20. Be3 b5 21. Rhd1 Nd7 22. Bf2 Ne5 23. Bg3 f6 24. a3 h5 25. a4 Ra8 26. axb5+ Kxb5 27. b3 h4 28. Bf2 Kc6 29. Kd2 Bc8 30. f4 gxf4 31. Bxh4 Be6 32. Rf1 Rg8 33. Rf2 f3 34. gxf3 Bxh3 35. f4 Nd7 36.
Rf3 Bg2 37. Rg3 Rxg3 38. Bxg3 Nc5 39. Ke3 Bd8 40. Bh4 Bb6 41. Bxf6 Nxe4 42. Bh8 Bxd4+ 43. Bxd4 d5 44. c4 Bh3 45. cxd5+ Kxd5 46. Be5 Bf5 47. b4 Kc4 48. Kf3 Kxb4 49. Ke3 Kc4 50. Kf3 Kd5 51.
Ke3 Ke6 52. Kd4 Kf7 53. Ke3 Kg6 54. Kd4 Kh5 55. Ke3 Kg4 56. Kd4 Ng3 57. Bb8 Kf3 58. Be5 Kg4 59. Bb8 Nh5 60. Be5 Nxf4 61. Bxf4 1/2-1/2

[Event "*** Titled Tuesday Blitz"]
[Site "Chess.com"]
[Date "2021.02.02"]
[Round "2"]
[White "annacramling"]
[Black "publicaccountcze"]
[Result "1-0"]
[WhiteElo "2097"]
[BlackElo "2374"]
[TimeControl "180+1"]
[EndTime "10:19:41 PST"]
[Termination "annacramling won by checkmate"]

1. d4 d5 2. c4 e6 3. Nc3 c5 4.
cxd5 exd5 5. Nf3 Nc6 6. e3 Nf6 7. Be2 Be7 8. O-O O-O 9. b3 Bf5 10. Bb2 b6 11. Rc1 Rc8 12. Ba6 Rb8 13. dxc5 bxc5 14. Na4 Qd6 15. Nxc5 Nb4 16. Be5 Qb6 17.
Nd4 Bg4 18. Be2 Bxe2 19. Qxe2 Bxc5 20. Bxf6 gxf6 21. Nf5 Kh8 22. Qh5 Nd3 23. Rc3 Ne5 24. Qh6 Rg8 25. Rxc5 Ng4 26. Qh4 Qxc5 27. h3 Ne5 28. Qxf6+ Rg7 29. Qxg7# 1-0

[Event "*** Titled Tuesday Blitz"]
[Site "Chess.com"]
[Date "2021.02.02"]
[Round "2"]
[White "eCztery"]
[Black "TigrVShlyape"]
[Result "0-1"]
[WhiteElo "2435"]
[BlackElo "2854"]
[TimeControl "180+1"]
[EndTime "10:19:42 PST"]
[Termination "TigrVShlyape won by resignation"]

1. e4 e5 2. Nf3 Nc6 3. d4 exd4 4. Bc4 Nf6 5. O-O Nxe4 6. Re1 d5 7. Bxd5 Qxd5 8. Nc3 Qd8 9. Nxe4 Be7 10. Bg5 O-O 11.
Bxe7 Nxe7 12. Qxd4 Qxd4 13. Nxd4 Nf5 14. Nb5 Bd7 15.
Nxc7 Rac8 16. Nd5 Rxc2 17. Ndf6+ gxf6 18. Nxf6+ Kg7 19. Nxd7 Rd8 20. Ne5 Rdd2 21. Rac1 Rxc1 22. Rxc1 Rxb2 23. Ra1 Nd4 24. Nc4 Rb4 25. Ne3 Ra4 26. h3 b5 27. Kh2 b4 28. Rd1 Nb5 29. Rd5 Nc3 30. Rg5+ Kf6 31. Rf5+ Ke6 32. Rf4 a5 33. Nc2 Rxa2 34. Nxb4 axb4 35. Rxb4 Rxf2 36. Rh4 f5 37. Rxh7 Ne4 38. h4 f4 39. Kh3 Rf1 40. Rh8 Nf2+ 0-1

[Event "*** Titled Tuesday Blitz"]
[Site "Chess.com"]
[Date "2021.02.02"]
[Round "2"]
[White "zacachess"]
[Black "EugeneRougon"]
[Result "0-1"]
[WhiteElo "2411"]
[BlackElo "2741"]
[TimeControl "180+1"]
[EndTime "10:19:42 PST"]
[Termination "EugeneRougon won by resignation"]

1. e4 e6 2. d4 d5 3. e5 c5 4. c3 Nc6 5. Nf3 Bd7 6. Be2 cxd4 7. cxd4 Nge7 8. O-O Nf5 9. Nc3 Qb6 10. Na4 Qa5 11.
Bd2 Qd8 12. Be3 Be7 13. Rc1 O-O 14. Nc5 Rb8 15. Bd3 Nxe3 16. fxe3 f5 17. exf6 Rxf6 18.
Bb5 Be8 19. b3 Qb6 20. Bxc6 Bxc6 21. Ne5 Rxf1+ 22. Qxf1 Rf8 23. Qe2 Bb5 24. Qg4 Rf5 25. a4 Be8 26. a5 Qxa5 27. Nxe6 g6 28. Rd1 Qa2 29. Nf4 Qxb3 30. Re1 Bb4 31. Re2 Bb5 32. Nfxg6 Qd1+ 0-1